 Dungeon Crawl Stone Soup version 0.29.0-13-gc9e81de378 (webtiles) character file.

Game seed: 5509011991954759504

21 RascalDebosk the Cudgeller (level 2, -1/28 HPs)
             Began as a Troll Gladiator on Sept 8, 2022.
             Slain by a gnoll
             ... wielding a +0 whip
              (6 damage)
             ... on level 1 of the Dungeon.
             The game lasted 00:04:26 (714 turns).

RascalDebosk the Cudgeller (Troll Gladiator)         Turns: 714, Time: 00:04:27

Health: -1/28      AC:  4    Str: 21    XL:     2   Next: 65%
Magic:  1/1        EV: 10    Int:  4    God:
Gold:   47         SH:  0    Dex: 11    Spells: 1/1 levels left

rFire   . . .      SeeInvis .   a - +0 flail
rCold   . . .      Faith    .   (no shield)
rNeg    . . .      Spirit   .   b - +0 robe
rPois   .          Reflect  .   c - +0 hat
rElec   .          Harm     .   (no cloak)
rCorr   .          Rampage  .   (gloves unavailable)
Will    .....                   (boots unavailable)
Stlth   +.........              (no amulet)
HPRegen 0.89/turn               (no ring)
MPRegen 0.07/turn               (no ring)

@: no status effects
A: large, unfitting armour, claws 3, regeneration 1, shaggy fur 1, tough skin 1
a: no special abilities


You were on level 1 of the Dungeon.
You visited 1 branch of the dungeon, and saw 2 of its levels.

You collected 47 gold pieces.

Inventory:

Hand Weapons
 a - a +0 flail (weapon)
Missiles
 d - 3 throwing nets (quivered)
 e - a large rock
Armour
 b - a +0 robe (worn)
 c - a +0 hat (worn)
Scrolls
 f - a scroll of blinking {unknown}
Potions
 g - a potion of lignification {unknown}
 h - a potion of might {unknown}


   Skills:
 + Level 1.9 Fighting
 + Level 2.9 Maces & Flails
 + Level 2.1 Throwing
 + Level 2.6 Dodging


You had one spell level left.
You didn't know any spells.
Your spell library was empty.

Dungeon Overview and Level Annotations

Branches:
Dungeon (2/15)

Altars:


Innate Abilities, Weirdness & Mutations

You are too large for most types of armour.
You have claws for hands.
Your natural rate of healing is unusually fast.
You are covered in fur. (AC +1)
You have tough skin. (AC +1)


Message History

There is a stone staircase leading up here.
You closely miss the gnoll. The gnoll hits you with a +0 flail!
You sock the gnoll!
The gnoll is severely wounded.
The gnoll hits you with a +0 flail! The gnoll hits you with a +0 flail.
The kobold hits you but does no damage.
You climb upwards.
There is a stone staircase leading down here.
You completely miss the gnoll.
The gnoll is severely wounded.
The gnoll closely misses you. The kobold barely misses you.
You hit the gnoll.
You kill the gnoll!
The kobold hits you but does no damage. The kobold closely misses you.
You barely miss the kobold. The kobold misses you.
You hit the kobold but do no damage. The kobold closely misses you.
You sock the kobold!
You kill the kobold!
You start resting.
HP restored.
You climb downwards.
The gnoll hits you with a +0 flail! The gnoll completely misses you.
The gnoll hits you with a +0 whip.
There is a stone staircase leading up, spattered with blood here.
The gnoll hits you with a +0 flail!
* * * LOW HITPOINT WARNING * * *
The gnoll hits you with a +0 whip.
* * * LOW HITPOINT WARNING * * *
The gnoll barely misses you.
You climb upwards.
There is a stone staircase leading down here.
You barely miss the gnoll. The gnoll closely misses you.
The gnoll barely misses you. The gnoll hits you with a +0 whip.
* * * LOW HITPOINT WARNING * * *
You closely miss the gnoll. The gnoll closely misses you. x2
The gnoll barely misses you.
You closely miss the gnoll. The gnoll barely misses you.
The gnoll hits you with a +0 flail.
* * * LOW HITPOINT WARNING * * *
The gnoll hits you with a +0 whip.
You die...

#.# #.# ### #.# ##### #.#
#.####.# #...# #.# .....#.# #...#
#.##### #.##.#.#
#...#######.##... #.##.#.#
##...#.......##.##
#.##.#.#########.......).........
#.##.#.........gg####.########.#.
#.##.###........@g...........#.#.
.......#.#......#####.######...#.
####...#.........................
##..#.#.##.........#########..
#...........####### #..
#.####.#....# #.. #......#....#
#.# ########....# ##.#
#..........# ###|.#


You could see 3 gnolls.

Vanquished Creatures
  A gnoll (D:1)
  A hobgoblin (D:1)
  2 jackals (D:1)
  A ball python (D:1)
  3 kobolds (D:1)
  4 rats (D:1)
  A spectral kobold (D:1)
13 creatures vanquished.

Vanquished Creatures (others)
  3 plants (D:1)
3 creatures vanquished.

Grand Total: 16 creatures vanquished

Notes
Turn   | Place    | Note
-------+----------+-------------------------------------------
     0 | D:1      | RascalDebosk the Troll Gladiator began the quest for the
                  | Orb.
     0 | D:1      | Reached XP level 1. HP: 19/19 MP: 0/0
   101 | D:1      | Found a faded altar of an unknown god.
   388 | D:1      | Reached XP level 2. HP: 28/28 MP: 1/1
   714 | D:1      | Slain by a gnoll

Illustrated notes

Levels and vault maps discovered:
D:1:      eino_arrival_druids_welcome, layout_basic,
          dreamdust_ecumenical_altar_drowned_temple, hangedman_decor_riveting
D:2:      layout_basic

Skill      XL: |  1 |
---------------+----+-----
Throwing       | 2 |  2.1
Fighting       | |  1.9
Maces & Flails | |  2.9
Dodging        | |  2.6

Action                   || total
-------------------------++-------
Melee: Flail             ||    46
       Punch             ||     1
Armor: Robe              ||    16
Dodge: Dodged            ||    34
